 Dungeon Crawl Stone Soup version 0.28.0 (webtiles) character file.

Game seed: 2498754378199662246

93 HallandMoats the Ducker (level 4, -10/32 HPs)
             Began as an Octopode Monk on Feb 7, 2022.
             Mangled by a gnoll (11 damage)
             ... on level 2 of the Dungeon.
             The game lasted 00:01:21 (1695 turns).

HallandMoats the Ducker (Octopode Monk)             Turns: 1695, Time: 00:01:22

Health: -10/32     AC:  1    Str: 12    XL:     4   Next: 62%
Magic:  4/4        EV: 14    Int: 12    God:
Gold:   76         SH:  0    Dex: 14    Spells: 3/3 levels left

rFire   . . .      SeeInvis .     - Unarmed
rCold   . . .      Faith    .   (no shield)
rNeg    . . .      Spirit   .   (helmet restricted)
rPois   .          Reflect  .   (no amulet)
rElec   .          Harm     .   (no ring)
rCorr   .          Rampage  .   (no ring)
Will    .....                   (no ring)
Stlth   ++++......              (no ring)
HPRegen 0.10/turn               (no ring)
MPRegen 0.09/turn               (no ring)
                                (no ring)
                                (no ring)

@: no status effects
A: almost no armour, amphibious, 8 rings, camouflage 1, gelatinous body 1,
nimble swimmer 1, tentacles
a: no special abilities


You were on level 2 of the Dungeon.
You visited 1 branch of the dungeon, and saw 2 of its levels.

You collected 76 gold pieces.

Inventory:

Jewellery
 b - an amulet of faith
Scrolls
 a - 3 scrolls of magic mapping {unknown}
Potions
 c - a potion of curing {unknown}
 d - a potion of berserk rage {unknown}
 e - a potion of mutation {unknown}


   Skills:
 * Level 3.6 Fighting
 * Level 3.7 Dodging
 + Level 3.4 Stealth
 * Level 3.6 Unarmed Combat
 + Level 1.2 Invocations


You had 3 spell levels left.
You didn't know any spells.
Your spell library was empty.

Dungeon Overview and Level Annotations

Branches:
Dungeon (2/15)

Altars:

Annotations:
D:2 1 runed translucent door, Crazy Yiuf


Innate Abilities, Weirdness & Mutations

You cannot wear most types of armour.
You are amphibious.
You can wear up to eight rings at the same time.
Your skin changes colour to match your surroundings (Stealth+).
Your rubbery body absorbs attacks. (AC +1, EV +1)
You are camouflaged when in or above water. (Stealth+)
You have tentacles for arms and can constrict up to eight enemies at once.


Message History

The gnoll misses you.
You closely miss the gnoll. Your grab misses the gnoll. You squeeze the gnoll.
You kill the gnoll!
You tentacle-slap the gnoll but do no damage.
Your grab misses the gnoll. The gnoll hits you with a +0 whip.
You tentacle-slap the gnoll. You grab the gnoll.
The gnoll is lightly wounded.
You constrict the gnoll.
The gnoll struggles to escape constriction.
You release your grip on the gnoll.
You tentacle-slap the gnoll. Your grab misses the gnoll.
The gnoll is moderately wounded.
The gnoll misses you. The gnoll barely misses you.
You tentacle-slap the gnoll. You grab the gnoll.
The gnoll is severely wounded.
You constrict the gnoll.
The gnoll splashes around in the water.
You tentacle-slap the gnoll.
You kill the gnoll!
You hear a splash.
The gnoll misses you. The gnoll hits you with a +0 halberd!
The gnoll barely misses you.
You tentacle-slap the gnoll. Your grab misses the gnoll.
The gnoll is lightly wounded.
The gnoll hits you with a +0 halberd!
* * * LOW HITPOINT WARNING * * *
You tentacle-slap the gnoll. You grab the gnoll.
The gnoll is moderately wounded.
You constrict the gnoll. The gnoll barely misses you. x2
You barely miss the gnoll. You squeeze the gnoll.
The gnoll is heavily wounded.
You constrict the gnoll. The gnoll closely misses you.
You tentacle-slap the gnoll but do no damage.
The gnoll is heavily wounded.
You constrict the gnoll.
The gnoll splashes around in the water.
The gnoll misses you.
You tentacle-slap the gnoll. Your grab misses the gnoll.
The gnoll is moderately wounded.
You constrict the gnoll. The gnoll hits you with a +0 halberd!
You die...

...+.####P.......#...............
)..### ##..............#.####..#
## ####....####...........#
#)...# ###..#####.##
#....#######.###.....
#..).................
############......... ###
##≈≈≈≈## #.(###..##
#.###≈@)≈≈≈###).# #..#
#....≈gg......(.# #..## #######
#...≈≈..........# #.... ......#
#..≈....≈≈......# #.###
...?..#####..≈..≈≈..≈.....# #....
.......)......≈≈....≈.....# #....
##########.......⌠≈≈......# #.###
..........≈≈⌠.......###.#
#####....≈....≈≈.....##.#


You could see 2 gnolls.

Vanquished Creatures
  Jessica (D:2)
  2 gnolls (D:2)
  An adder (D:2)
  A dart slug (D:2)
  2 ball pythons
  8 endoplasms
  A giant cockroach (D:1)
  3 goblins
  4 hobgoblins
  3 quokkas
  A frilled lizard (D:2)
  4 kobolds
  4 rats
35 creatures vanquished.

Notes
Turn   | Place    | Note
-------+----------+-------------------------------------------
     0 | D:1      | HallandMoats the Octopode Monk began the quest for the Orb.
     0 | D:1      | Reached XP level 1. HP: 16/16 MP: 1/1
   123 | D:1      | Reached XP level 2. HP: 21/21 MP: 2/2
   801 | D:2      | Reached XP level 3. HP: 26/26 MP: 3/3
  1065 | D:2      | Noticed Jessica
  1081 | D:2      | Killed Jessica
  1082 | D:2      | Reached skill level 1 in Invocations
  1082 | D:2      | Reached XP level 4. HP: 3/31 MP: 4/4
  1554 | D:2      | Found a runed translucent door.
  1555 | D:2      | Noticed Crazy Yiuf
  1691 | D:2      | HP: 1/32 [gnoll (13)]
  1695 | D:2      | Mangled by a gnoll

Illustrated notes

Levels and vault maps discovered:
D:1:      giann_bridges, layout_basic, minmay_misc_feat_room
D:2:      cheibrodos_helix_gallery, layout_basic, minmay_misc_feat_x,
          uniq_crazy_yiuf_cottage, uniq_jessica

Skill      XL: |  1  2  3 |
---------------+----------+-----
Stealth        | 3 |  3.4
Invocations    | 1 |  1.2
Fighting       | |  3.6
Dodging        | |  3.7
Unarmed Combat | |  3.6

Action                   |  1- 3 |  4- 6 || total
-------------------------+-------+-------++-------
Melee: Unarmed           |    64 |    19 ||    83
       Constrict         |    13 |     5 ||    18
       Tentacles         |    10 |     2 ||    12
       Punch             |     1 |     1 ||     2
 Stab: Sleeping          |     8 |     3 ||    11
Armor: Skin              |     1 |       ||     1
Dodge: Dodged            |    26 |    15 ||    41
